AoeStats
← 啊超

Fortress

507757217Analyzed
4v4 RM · 11d ago on Sep 19, 2026· 89m 34s· 8 players
Game mode
Random Map
Map size
Huge
Population
200
Speed
Normal
Resources
Standard
Victory
Conquest
Starting age
Dark Age
Ending age
Imperial Age
RankedLock teamsTeams togetherTeam positionsShared explorationLock speedFull tech treeHidden civsTurbo modeCheats
Victory
Defeat
🇹🇷 Franks · Türkiye
1272
+14
🇦🇷 Cumans · Argentina
1235
+15
🇯🇵 Persians · Japan
1196
+17
🇯🇵 Mongols · Japan
1179
+18
🇨🇳 Lithuanians · China
1265
-18
🇨🇳 Japanese · China
1222
-16
🇨🇳 Teutons · China
1199
-15
🇨🇳 Italians · China
1197
-15
等我升精锐
8:11 Feudal Age
12:23 Castle Age
10:41 Scale Mail Armor
10:55 Double-Bit Axe
10:53 Horse Collar
13:25 Chain Mail Armor
13:23 Bow Saw
21:00 Wheelbarrow
20:53 Town Watch
22:37 Hand Cart
25:26 Loom
28:57 Imperial Age
26:31 Stone Mining
26:32 Gold Mining
27:38 Guard Tower
28:10 Ballistics
27:45 Fletching
28:06 Forging
29:09 Gold Shaft Mining
29:15 Treadmill Crane
29:33 Bodkin Arrow
29:46 Yasama
30:07 Kataparuto
30:09 Conscription
30:50 Heavy Plow
31:52 Two-Man Saw
31:59 Chemistry
31:38 Keep
31:12 Bracer
33:04 Plate Mail Armor
33:10 Iron Casting
32:34 Murder Holes
32:31 Pikeman
33:12 Squires
32:57 Arson
33:12 Halberdier
33:53 Arrowslits
35:10 Chemistry
36:44 Siege Engineers
37:42 Blast Furnace
37:29 Elite Samurai
40:09 Coinage
43:01 Town Patrol
46:57 Caravan
47:28 Banking
47:36 Padded Archer Armor
47:49 Fortified Wall
47:49 Masonry
48:23 Hoardings
82:10 Husbandry
啊超
7:54 Feudal Age
11:44 Castle Age
10:22 Double-Bit Axe
12:34 Loom
13:14 Horse Collar
21:12 Gold Mining
27:00 Imperial Age
25:01 Fletching
25:08 Stone Mining
25:56 Bodkin Arrow
28:07 Bracer
28:08 Padded Archer Armor
28:49 Forging
29:43 Pirotechnia
32:06 Iron Casting
31:47 Leather Archer Armor
31:57 Conscription
33:24 Chemistry
32:44 Ballistics
32:48 Squires
32:35 Arson
32:43 Elite Genoese Crossbowman
36:57 Blast Furnace
36:27 Ring Archer Armor
37:56 Scale Mail Armor
42:56 Pikeman
LY
0:41 Loom
8:01 Feudal Age
12:18 Castle Age
10:18 Double-Bit Axe
10:56 Horse Collar
11:16 Gold Mining
11:45 Stone Mining
13:26 Bow Saw
14:53 Wheelbarrow
14:24 Heavy Plow
14:49 Fervor
24:49 Imperial Age
23:38 Stone Shaft Mining
23:17 Bloodlines
23:20 Forging
24:29 Scale Barding Armor
25:45 Chain Barding Armor
26:05 Iron Casting
25:21 Fletching
25:45 Town Watch
26:16 Hand Cart
27:22 Plate Barding Armor
27:55 Fletching
28:08 Husbandry
27:29 Light Cavalry
28:56 Crop Rotation
29:43 Two-Man Saw
29:38 Bodkin Arrow
29:06 Elite Leitis
30:08 Conscription
30:32 Winged Hussar
33:58 Squires
34:00 Bracer
36:45 Chemistry
36:50 Ballistics
39:10 Chemistry
38:47 Ballistics
39:59 Padded Archer Armor
47:57 Leather Archer Armor
51:32 Pikeman
52:17 Scale Mail Armor
52:36 Halberdier
53:45 Chain Mail Armor
55:13 Ring Archer Armor
Jkun
7:35 Feudal Age
9:11 Loom
11:48 Castle Age
9:58 Double-Bit Axe
11:14 Horse Collar
14:57 Bow Saw
20:46 Wheelbarrow
20:28 Heavy Plow
25:07 Hand Cart
26:27 Gold Mining
29:55 Imperial Age
27:37 Gold Mining
28:00 Stone Mining
28:24 Fletching
28:29 Town Watch
29:03 Bodkin Arrow
30:02 Stone Shaft Mining
29:44 Scale Mail Armor
29:07 Pikeman
29:47 Squires
30:17 Ballistics
30:08 Fortified Wall
30:09 Masonry
31:48 Chemistry
30:55 Siege Engineers
31:02 Fortified Wall
31:05 Masonry
31:15 Chain Mail Armor
31:15 Padded Archer Armor
30:44 Halberdier
32:15 Crenellations
32:17 Ironclad
32:48 Plate Mail Armor
32:29 Forging
33:22 Conscription
33:46 Guilds
34:10 Coinage
35:38 Iron Casting
39:21 Blast Furnace
39:15 Scale Barding Armor
40:28 Arson
41:42 Banking
45:07 Chain Barding Armor
46:45 Cavalier
47:36 Bloodlines
48:03 Plate Barding Armor
50:32 Theocracy
49:52 Paladin
50:39 Devotion
51:10 Illumination
51:14 Block Printing
53:45 Sanctity
57:13 Town Patrol
57:39 Caravan
Anago
0:57 Loom
7:34 Feudal Age
11:35 Castle Age
9:21 Loom
9:38 Double-Bit Axe
9:39 Horse Collar
12:02 Heavy Plow
13:58 Bow Saw
20:31 Scale Barding Armor
22:19 Wheelbarrow
22:55 Forging
23:08 Chain Barding Armor
23:32 Fletching
29:59 Imperial Age
28:09 Hand Cart
27:41 Town Watch
30:07 Iron Casting
30:06 Town Patrol
31:11 Conscription
31:52 Blast Furnace
32:08 Plate Barding Armor
34:57 Elite War Elephant
44:22 Bloodlines
44:13 Husbandry
56:37 Caravan
66:49 Bodkin Arrow
66:54 Padded Archer Armor
66:55 Scale Mail Armor
67:46 Light Cavalry
68:39 Hussar
bayirm17
7:46 Feudal Age
7:23 Loom
11:53 Castle Age
10:08 Double-Bit Axe
13:02 Bow Saw
20:31 Gold Mining
20:31 Stone Mining
22:05 Wheelbarrow
23:36 Gold Shaft Mining
26:07 Imperial Age
24:26 Hand Cart
24:10 Pikeman
24:50 Squires
24:35 Arson
25:21 Fletching
25:32 Padded Archer Armor
25:19 Gambesons
26:21 Bodkin Arrow
25:51 Elite Skirmisher
27:03 Leather Archer Armor
26:54 Scale Barding Armor
28:47 Conscription
29:17 Scale Mail Armor
29:28 Forging
30:20 Chain Mail Armor
33:14 Chemistry
32:26 Fortified Wall
34:13 Scale Barding Armor
34:44 Iron Casting
35:26 Chain Barding Armor
37:55 Blast Furnace
36:59 Husbandry
36:20 Light Cavalry
37:03 Cavalier
38:28 Plate Barding Armor
38:24 Paladin
41:26 Chivalry
43:01 Coinage
42:32 Caravan
52:58 Banking
55:16 Masonry
55:11 Siege Engineers
55:49 Town Watch
57:25 Gold Shaft Mining
56:40 Stone Mining
80:24 Spies/Treason
tanuki0912
7:35 Feudal Age
11:39 Castle Age
9:29 Loom
10:00 Double-Bit Axe
14:29 Bow Saw
25:12 Horse Collar
30:48 Heavy Plow
34:28 Imperial Age
33:36 Fletching
33:46 Padded Archer Armor
34:29 Wheelbarrow
34:19 Fortified Wall
35:52 Bodkin Arrow
36:13 Leather Archer Armor
37:25 Ballistics
38:12 Bracer
40:25 Chemistry
40:37 Elite Skirmisher
44:46 Thumb Ring
49:10 Scale Barding Armor
49:16 Forging
51:07 Capped Ram
52:56 Husbandry
53:06 Bloodlines
53:00 Siege Ram
53:28 Light Cavalry
54:49 Hand Cart
57:49 Scale Mail Armor
58:16 Pikeman
59:12 Chain Mail Armor
59:33 Iron Casting
59:20 Chain Barding Armor
63:38 Hussar
67:32 Plate Mail Armor
68:03 Blast Furnace
80:01 Caravan
hualiya44
0:28 Loom
7:27 Feudal Age
8:50 Wheelbarrow
7:58 Horse Collar
8:04 Double-Bit Axe
9:43 Town Watch
18:03 Castle Age
19:32 Hand Cart
23:29 Imperial Age
22:15 Town Patrol
22:14 Pikeman
22:55 Squires
22:40 Arson
23:07 Forging
22:57 Scale Mail Armor
22:21 Capped Ram
23:26 Man-at-Arms
25:38 Siege Ram
26:54 Chain Mail Armor
26:31 Halberdier
28:19 Iron Casting
28:43 Bow Saw
28:35 Heavy Plow
28:30 Gold Mining
28:36 Stone Mining
29:27 Conscription
30:06 Plate Mail Armor
31:03 Blast Furnace
31:24 Crop Rotation
32:15 Two-Man Saw
38:47 Long Swordsman
41:19 Two-Handed Swordsman
43:13 Champion
45:03 Caravan
46:42 Scale Barding Armor
46:42 Steppe Husbandry
46:19 Light Cavalry
47:09 Bloodlines
47:16 Hussar
48:24 Chain Barding Armor
49:41 Plate Barding Armor
59:12 Elite Steppe Lancer
78:40 Fletching
81:09 Spies/Treason
Connection lost

Rejoining the realm…

Still unreachable

The connection could not be restored.

Session expired

The server has moved on; the page needs a fresh start.